 Dungeon Crawl Stone Soup version 0.16.2-12-gd0ad4c3 (webtiles) character file.

4332 Kira the Covert (level 10, -1/46 HPs)
             Began as a Spriggan Enchanter on Oct 20, 2015.
             Was an Initiate of Nemelex Xobeh.
             Slain by a raven (11 damage)
             ... summoned by the player character
             ... on level 8 of the Dungeon.
             The game lasted 00:34:08 (8851 turns).

Kira the Covert (Spriggan Enchanter)                Turns: 8851, Time: 00:34:08

Health: -1/46      AC:  3    Str:  4    XL:     10   Next: 12%
Magic:  16/30      EV: 22    Int: 20    God:    Nemelex Xobeh [......]
Gold:   343        SH:  0    Dex: 17    Spells: 4 memorised, 18 levels left

rFire  . . .     SeeInvis +     a - +1 dagger
rCold  . . .     Clarity  .     b - +1 robe
rNeg   . . .     SustAb   .     (shield restricted)
rPois  .         Gourm    .     (helmet restricted)
rElec  .         Spirit   .     (no cloak)
rCorr  .         Warding  .     (gloves unavailable)
rMut   .         Stasis   .     (boots unavailable)
MR     +....                    (no amulet)
Stlth  +++++++...               (no ring)
                                G - ring of teleport control

@: very quick, somewhat resistant to hostile enchantments, extremely stealthy
A: unfitting armour, see invisible, herbivore 3, speed 3, slow metabolism 2
a: Renounce Religion, Evoke Teleport Control


You were on level 8 of the Dungeon.
You worshipped Nemelex Xobeh.
Nemelex Xobeh was noncommittal.
You were full.

You visited 2 branches of the dungeon, and saw 9 of its levels.
You also visited: Ossuary.

You collected 343 gold pieces.

Inventory:

Hand weapons
 a - a +1 dagger (weapon)
Armour
 b - a +1 robe (worn)
Magical staves
 C - an uncursed staff of fire
Jewellery
 v - the amulet "Baust" {Inacc MP+9 Int+4}
   (You found it on level 4 of the Dungeon)

   [amulet of inaccuracy]

   It reduces the accuracy of all your attacks.
   It affects your intelligence (+4).
   It affects your magic capacity (+9).
 G - a ring of teleport control (left hand)
Magical devices
 t - a wand of cold (8)
 u - a wand of fire (7)
 y - a wand of flame (7)
 N - a wand of polymorph (15)
 P - a wand of confusion (12)
Scrolls
 f - a scroll of fear {unknown}
 g - a scroll of random uselessness {unknown}
 k - 6 scrolls of remove curse
 p - 11 scrolls of identify
 r - 2 scrolls of amnesia {unknown}
 s - 2 scrolls of magic mapping {unknown}
 B - 2 scrolls of teleportation {unknown}
 E - a scroll of vulnerability {unknown}
 H - 2 scrolls of fog {unknown}
 I - a scroll of enchant armour {unknown}
 K - a scroll of blinking {unknown}
 O - a scroll of immolation {unknown}
Potions
 e - 2 potions of agility
 h - a potion of brilliance {unknown}
 i - 2 potions of haste
 j - a potion of mutation {unknown}
 l - 3 potions of cancellation {unknown}
 m - a potion of might {unknown}
 n - a potion of lignification {unknown}
 o - 7 potions of curing {unknown}
 q - 2 potions of restore abilities {unknown}
 z - a potion of beneficial mutation {unknown}
 A - a potion of flight {unknown}
 D - 2 potions of magic {unknown}
 F - 3 potions of poison {unknown}
 J - 3 potions of cure mutation {unknown}
 L - a potion of ambrosia {unknown}
Books
 c - a book of Maledictions

   Spells                             Type                      Level
   a - Corona                         Hexes                        1
   b - Sure Blade                     Hexes/Charms                 2
   c - Ensorcelled Hibernation        Hexes/Ice                    2
   d - Confuse                        Hexes                        3
   e - Dazzling Spray                 Conjuration/Hexes            3
   f - Enslavement                    Hexes                        4
 w - an Akashic Record {highlevel, unknown}

   This book is beyond your current level of understanding.

   Spells                             Type                      Level
   a - Dispersal                      Translocation                6
   b - Controlled Blink               Translocation                7
   c - Malign Gateway                 Summoning/Translocation      7
   d - Disjunction                    Translocation                8
   e - Singularity                    Translocation                9
Miscellaneous
 Q - a plain deck of war {drawn: 2}
Comestibles
 d - 4 bread rations
 x - 11 fruits
 M - a slice of pizza


   Skills:
 + Level 2.2 Fighting
 + Level 3.7 Short Blades
 + Level 6.7 Dodging
 + Level 14.8 Stealth
 + Level 8.7 Spellcasting
 + Level 8.0 Hexes
 + Level 0.4 Charms
 - Level 0.2 Ice Magic


You had 18 spell levels left.
You knew the following spells:

 Your Spells              Type           Power        Failure   Level  Hunger
a - Corona                Hex            #####..      1%          1    None
b - Ensorcelled Hibernat  Hex/Ice        ####..       2%          2    None
c - Confuse               Hex            #####...     1%          3    None
d - Sure Blade            Hex/Chrm       ####......   2%          2    None


Dungeon Overview and Level Annotations

Branches:
Dungeon (8/15)             Temple (1/1) D:4            Lair (0/8) D:8

Altars:
Ashenzari
Cheibriados
Dithmenos
Elyvilon
Fedhas
Gozag
Kikubaaqudgha
Makhleb
Nemelex Xobeh
Okawaru
Qazlal
Ru
Sif Muna
Trog
Vehumet
Xom
Yredelemnul
Zin
The Shining One


Innate Abilities, Weirdness & Mutations

You are tiny and cannot use many weapons and most armour.
You have supernaturally acute eyesight.
You are a herbivore.
You cover ground extremely quickly.
You need consume almost no food.


Message History

Aiming: Ensorcelled Hibernation
Press: ? - help, Shift-Dir - straight line, f/p - orc wizard
Aim: an orc wizard, wielding a dagger and wearing a robe (fast, chance 54%)
The orc wizard resists with significant effort.
The orc warrior hits you with a flail!! The orc wizard misses you.
Evoke which item? (* to show all) (? for menu, Esc to quit)
You draw a card...
It is the Shadow.
You feel stealthy. The orc wizard closely misses you.
Evoke which item? (* to show all) (? for menu, Esc to quit)
You draw a card...
It is Foxfire.
You feel less stealthy.
The orc wizard gestures at you while chanting.
The magic dart hits you! The orc warrior closely misses you.
The orc wizard points at you and mumbles some strange words.
The magic dart hits you!
* * * LOW HITPOINT WARNING * * *
The raven misses you. The raven claws you!
You die...
Your body disappears without a glow.

..######...##.....###
......# ..###
##.........##
.......#
....###.....####.##
........
............#
#..##...###...
#####...##..##
##....# ###.
###########..##
#....# .......#
##..####..##
.......## ##..#######
######..#
#.[b@.ooo####..###
##.#
##..boo...........
#..#
#######....######
##.## ###### #####.##
.....## ###### # ##


You could see a raven, an orc warrior, an orc wizard, 3 orcs and a friendly
raven.

Vanquished Creatures
  The ghost of ornom0n the Vandal, an average OgHu of Elyvilon (D:4)
  Grinder (D:3)
  2 wraiths (Ossuary)
  Eustachio (D:5)
  A hungry ghost (D:8)
  Edmund (D:5)
  3 phantoms
  An orc warrior (D:7)
  2 sky beasts
  A necrophage (D:8)
  A crocodile (D:7)
  3 ogres
  2 centaurs
  A big kobold (D:7)
  5 giant frogs
  6 scorpions
  9 wights
  A quasit (D:8)
  4 crimson imps
  4 hounds
  A jelly (D:7)
  A giant frog zombie (D:4)
  2 centaur skeletons
  An orc priest (D:4)
  An orc wizard (D:4)
  3 giant frog skeletons
  2 iguanas
  Natasha (thrice) (D:5)
  7 worker ants
  A hound skeleton (D:7)
  10 adders
  3 shadow imps
  2 giant mites
  2 worms (D:2)
  2 adder zombies
  An adder skeleton (D:4)
  7 giant geckos
  2 oozes
  7 orcs
  17 bats
  5 giant cockroaches
  10 goblins
  10 hobgoblins
  2 jackals (D:2)
  13 kobolds
  4 quokkas
  2 ball python skeletons (Ossuary)
  4 giant newts
  A hobgoblin skeleton (Ossuary)
  A hobgoblin zombie (Ossuary)
  An orc skeleton (Ossuary)
  An orc zombie (Ossuary)
  A quokka skeleton (D:4)
  A quokka zombie (D:3)
  10 rats
191 creatures vanquished.

Notes
Turn   | Place    | Note
--------------------------------------------------------------
     0 | D:1      | Kira, the Spriggan Enchanter, began the quest for the Orb.
     0 | D:1      | Reached XP level 1. HP: 9/9 MP: 4/4
   247 | D:1      | Reached XP level 2. HP: 10/13 MP: 5/7
   257 | D:1      | Learned a level 2 spell: Ensorcelled Hibernation
   476 | D:1      | Reached skill level 5 in Stealth
  1120 | D:2      | Reached XP level 3. HP: 11/16 MP: 6/9
  1508 | D:2      | Reached skill level 6 in Stealth
  1730 | D:3      | Learned a level 3 spell: Confuse
  1733 | D:3      | Learned a level 2 spell: Sure Blade
  1950 | D:3      | Reached XP level 4. HP: 21/21 MP: 13/13
  1961 | D:3      | Noticed Grinder
  1990 | D:3      | Killed Grinder
  1990 | D:3      | Reached skill level 8 in Stealth
  1990 | D:3      | Reached XP level 5. HP: 25/25 MP: 14/16
  1990 | D:3      | Reached XP level 6. HP: 29/29 MP: 15/18
  2208 | D:3      | Found a radiant altar of Vehumet.
  2211 | D:3      | Found a basalt altar of Yredelemnul.
  2211 | D:3      | Found a shadowy altar of Dithmenos.
  2212 | D:3      | Found a shimmering altar of Xom.
  2511 | D:4      | Reached skill level 1 in Fighting
  2511 | D:4      | Reached skill level 9 in Stealth
  2707 | D:4      | Noticed ornom0n's ghost (average OgHu)
  2738 | D:4      | Killed ornom0n's ghost
  2738 | D:4      | Reached skill level 10 in Stealth
  2738 | D:4      | Reached XP level 7. HP: 7/33 MP: 6/21
  3057 | D:4      | Found a burning altar of Makhleb.
  3139 | D:4      | Reached skill level 5 in Hexes
  3226 | D:4      | Got a shimmering silver amulet
  3227 | D:4      | Identified the amulet "Baust" {Inacc MP+9 Int+4} (You found it on level 4 of the Dungeon)
  3376 | D:4      | Found a staircase to the Ecumenical Temple.
  3385 | Temple   | Entered the Ecumenical Temple
  3586 | D:4      | Found a sacrificial altar of Ru.
  3630 | D:4      | Reached skill level 5 in Dodging
  3630 | D:4      | Reached skill level 11 in Stealth
  3762 | D:5      | Entered Level 5 of the Dungeon
  3785 | D:5      | Reached XP level 8. HP: 24/37 MP: 20/23
  3846 | D:5      | Noticed Natasha
  3851 | D:5      | Killed Natasha
  3882 | D:5      | Noticed Eustachio
  3896 | D:5      | Killed Eustachio
  3951 | D:5      | Noticed Natasha
  3955 | D:5      | Noticed Edmund
  3966 | D:5      | Killed Natasha
  3981 | D:5      | Killed Edmund
  3981 | D:5      | Reached skill level 5 in Spellcasting
  4243 | D:5      | Noticed Natasha
  4267 | D:5      | Killed Natasha
  4517 | D:5      | You fall through a shaft for 2 floors!
  4603 | D:7      | Reached skill level 12 in Stealth
  5030 | D:6      | Found a sand-covered staircase.
  5127 | Ossuary  | Entered an ossuary
  5435 | Ossuary  | Reached XP level 9. HP: 42/42 MP: 22/26
  5909 | D:6      | Reached skill level 13 in Stealth
  7526 | D:7      | Reached skill level 14 in Stealth
  8427 | D:8      | Reached XP level 10. HP: 46/46 MP: 30/30
  8601 | D:8      | Found a sparkling altar of Nemelex Xobeh.
  8609 | D:8      | Became a worshipper of Nemelex Xobeh the Trickster
  8695 | D:8      | Found a staircase to the Lair.
  8708 | D:8      | Received a gift from Nemelex Xobeh
  8851 | D:8      | Slain by a raven

Action                   |  1- 3 |  4- 6 |  7- 9 | 10-12 || total
-------------------------+-------+-------+-------+-------++-------
Melee: Dagger            |    76 |    47 |   343 |    15 ||   481
 Cast: Corona            |     5 |       |     2 |       ||     7
       Ensorcelled Hiber |    14 |    14 |    84 |     9 ||   121
       Confuse           |       |     3 |    45 |     6 ||    54
       Sure Blade        |       |       |     1 |       ||     1
Evoke: Deck              |       |       |       |     2 ||     2
  Use: Scroll            |       |       |     2 |       ||     2
 Stab: Sleeping          |    29 |    15 |    91 |     5 ||   140
       Confused          |       |     5 |    26 |     2 ||    33
       Distracted        |       |     1 |     2 |       ||     3
  Eat: Bread ration      |       |     1 |     1 |       ||     2
